 Dungeon Crawl Stone Soup version 0.18-a0-1799-g6250cb2 (webtiles) character file.

7327 Momongi the Cleaver (level 10, -2/88 HPs)
             Began as a Minotaur Berserker on Apr 10, 2016.
             Was an Elder of Trog.
             Killed from afar by an electric eel (13 damage)
             ... with a bolt of electricity
             ... on level 2 of the Lair of Beasts on Apr 23, 2016.
             The game lasted 02:52:26 (12874 turns).

Momongi the Cleaver (Minotaur Berserker)           Turns: 12874, Time: 02:52:31

Health: -2/88      AC: 18    Str: 30      XL:     10   Next: 90%
Magic:  11/11      EV: 11    Int:  3 (4)  God:    Trog [****..]
Gold:   508        SH:  0    Dex: 10      Spells: 0 memorised, 9 levels left

rFire  . . .     SeeInvis .     a - +1 hand axe
rCold  . . .     Gourm    .     J - +0 chain mail (curse)
rNeg   . . .     Faith    .     (no shield)
rPois  .         Spirit   .     (helmet restricted)
rElec  .         Dismiss  .     x - +0 cloak
rCorr  .         Reflect  .     D - +0 pair of gloves (curse)
SustAt .         Harm     +     v - +1 pair of boots
MR     .....                    B - amulet of harm
Stlth  ..........               y - +5 ring of strength
                                i - +1 ring of protection

@: not resistant to hostile enchantments, extremely unstealthy
A: retaliatory headbutt, horns 2, deterioration 1, wild magic 1
a: Berserk, Trog's Hand, Brothers in Arms, Burn Spellbooks, Renounce Religion


You were on level 2 of the Lair of Beasts.
You worshipped Trog.
Trog was greatly pleased with you.
You were very hungry.

You visited 3 branches of the dungeon, and saw 12 of its levels.

You collected 508 gold pieces.

Inventory:

Hand Weapons
 a - a +1 hand axe (weapon)
Missiles
 w - 4 throwing nets (quivered)
Armour
 v - a +1 pair of boots (worn)
 x - a +0 cloak (worn)
 D - a cursed +0 pair of gloves (worn)
 I - a +0 plate armour
 J - a cursed +0 chain mail (worn)
Jewellery
 i - a +1 ring of protection (left hand)
 p - an uncursed ring of resist corrosion
 r - a +3 ring of intelligence
 s - an uncursed ring of sustain attributes
 y - a +5 ring of strength (right hand)
 B - an amulet of harm (around neck)
Wands
 d - a wand of digging (9/24)
 u - a wand of digging (6/24)
 F - a wand of random effects (26/48)
 L - a wand of flame (27/48)
 N - a wand of iceblast (12/15)
Scrolls
 e - 3 scrolls of remove curse
 A - a scroll of enchant weapon
 H - 2 scrolls of noise
Potions
 b - 3 potions of cancellation {unknown}
 f - 2 potions of resistance
 g - a potion of heal wounds
 j - a potion of might
 m - 2 potions of cure mutation
 o - 2 potions of berserk rage
 t - 4 potions of curing
 z - a potion of lignification
 C - 2 potions of flight
 G - a potion of mutation {unknown}
Comestibles
 c - 5 bread rations
 h - 7 beef jerkies
 k - 13 fruits
 n - 3 meat rations


   Skills:
 + Level 7.6 Fighting
 * Level 13.2 Axes
 * Level 10.7 Armour
 + Level 6.5 Dodging
 - Level 3.8 Evocations


You had 9 spell levels left.
You didn't know any spells.

Dungeon Overview and Level Annotations

Branches:
Dungeon (9/15)             Temple (1/1) D:6            Lair (2/8) D:9
    Orc: D:9-12

Altars:
Ashenzari
Cheibriados
Dithmenos
Elyvilon
Gozag
Kikubaaqudgha
Makhleb
Nemelex Xobeh
Okawaru
Pakellas
Ru
Sif Muna
Trog
Vehumet
Xom
Yredelemnul
Zin
The Shining One

Shops:
D:9 *


Innate Abilities, Weirdness & Mutations

You reflexively headbutt those who attack you in melee.
You have a pair of horns on your head.
Your body sometimes deteriorates upon taking damage.
Your spells are a little harder to cast, but a little more powerful.


Message History

The electric eel is lightly wounded.
The electric eel shoots out a bolt of lightning at you!
The bolt of electricity misses you. The bolt of electricity hits you!
Your unstable footing causes you to fumble your attack.
The electric eel shoots out a bolt of lightning at you!
The bolt of electricity hits you! x2
* * * LOW HITPOINT WARNING * * *
Your body deteriorates!
You feel dopey.
Drink which item? (? for menu, Esc to quit)
You feel much better.
The electric eel shoots out a bolt of lightning at you!
The bolt of electricity hits the plant. x2; The bolt of electricity hits you!
* * * LOW HITPOINT WARNING * * *
Your two-headed ogre goes berserk!
You are feeling very hungry.
The electric eel shoots out a bolt of lightning at you!
The bolt of electricity hits you!
* * * LOW HITPOINT WARNING * * *
The bolt of electricity hits you!
You die...

#..#
♣P≈≈≈≈♣♣♣≈♣
##.#♣♣;≈♣≈≈≈
♣♣#
#..≈♣≈≈≈≈P≈≈≈
##.;≈≈P≈P≈≈≈≈
##.P♣≈≈♣≈≈≈P♣≈
#..♣♣≈≈≈≈≈
#.P≈≈≈≈≈≈≈
##.♣≈≈≈≈≈≈≈
#.@PO≈P≈≈≈≈
###;♣P≈≈≈≈≈
#≈≈♣≈≈≈≈≈≈
#≈♣♣≈P≈≈≈≈
##≈≈≈≈≈≈≈≈
♣♣♣♣≈≈≈≈≈ ≈≈≈
≈


You could see 2 electric eels and a friendly two-headed ogre (berserk).

Vanquished Creatures
  A komodo dragon (Lair:2)
  4 spiny frogs
  Grinder (D:4)
  A two-headed ogre (D:8)
  The ghost of dwasdwasdwas the Ducker, an amateur DsTm of Nemelex Xobeh (D:4)
  4 yaks (D:8)
  A basilisk (Lair:2)
  A hippogriff (Lair:2)
  Menkaure (D:5)
  A water moccasin (Lair:1)
  Duvessa (D:4)
  An ice beast (D:8)
  3 sky beasts
  A wasp (D:8)
  A phantom (D:8)
  3 ogres
  2 centaurs
  10 wolves
  A crocodile (Lair:1)
  Blork the orc (D:6)
  7 giant frogs
  A gnoll sergeant (D:8)
  Dowan (D:4)
  A scorpion (D:4)
  5 wights (D:5)
  A howler monkey (D:5)
  5 crimson imps
  2 centaur zombies
  Crazy Yiuf (D:4)
  5 hounds
  3 jellies
  A giant frog skeleton (D:6)
  A gnoll shaman (D:6)
  A centaur skeleton (D:4)
  5 iguanas
  4 orc wizards
  5 worker ants
  A hound zombie (D:7)
  2 hound skeletons
  13 adders
  6 gnolls
  6 river rats (Lair:2)
  6 shadow imps
  An ooze (D:2)
  An adder skeleton (D:8)
  2 worms
  A dart slug (D:1)
  6 giant geckos
  11 orcs
  6 giant cockroaches
  6 hobgoblins
  3 jackals (D:5)
  3 kobolds
  3 quokkas
  2 ball pythons
  10 bats
  A giant gecko zombie (D:6)
  6 giant newts
  4 goblins
  2 rats (D:3)
191 creatures vanquished.

Vanquished Creatures (others)
  5 orcs (D:6)
  2 plants (Lair:2)
7 creatures vanquished.

Grand Total: 198 creatures vanquished

Notes
Turn   | Place    | Note
--------------------------------------------------------------
     0 | D:1      | Momongi the Minotaur Berserker began the quest for the Orb.
     0 | D:1      | Reached XP level 1. HP: 19/19 MP: 0/0
    60 | D:1      | Reached skill level 4 in Axes
   101 | D:1      | Reached XP level 2. HP: 26/26 MP: 1/1
   800 | D:2      | Reached ** piety under Trog
   805 | D:2      | Reached XP level 3. HP: 29/31 MP: 2/2
  1426 | D:2      | Reached skill level 5 in Axes
  1818 | D:3      | Reached XP level 4. HP: 33/39 MP: 3/3
  2389 | D:3      | Reached XP level 5. HP: 42/45 MP: 4/4
  2495 | D:3      | Reached skill level 6 in Axes
  2800 | D:4      | Noticed Grinder
  2823 | D:4      | Paralysed by Grinder for 3 turns
  2855 | D:4      | Paralysed by Grinder for 2 turns
  2869 | D:4      | Paralysed by Grinder for 5 turns
  2875 | D:4      | Killed Grinder
  2875 | D:4      | Reached skill level 7 in Axes
  2875 | D:4      | Reached skill level 5 in Armour
  2875 | D:4      | Reached XP level 6. HP: 24/51 MP: 5/5
  3120 | D:4      | Noticed dwasdwasdwas's ghost (amateur DsTm)
  3142 | D:4      | Killed dwasdwasdwas's ghost
  3142 | D:4      | Reached skill level 8 in Axes
  3142 | D:4      | Reached XP level 7. HP: 57/57 MP: 6/6
  3265 | D:4      | Noticed Duvessa
  3267 | D:4      | Noticed Dowan
  3288 | D:4      | Killed Duvessa
  3313 | D:4      | Killed Dowan
  3313 | D:4      | Reached skill level 9 in Axes
  3339 | D:4      | Noticed Crazy Yiuf
  3345 | D:4      | Killed Crazy Yiuf
  4103 | D:5      | Entered Level 5 of the Dungeon
  4374 | D:5      | Reached XP level 8. HP: 64/64 MP: 7/7
  4494 | D:5      | Reached skill level 10 in Axes
  4787 | D:5      | Noticed Menkaure
  4802 | D:5      | Killed Menkaure
  5397 | D:5      | Found a sparkling altar of Nemelex Xobeh.
  5401 | D:5      | Upgraded the game from 0.18-a0-1730-g73f0523 to 0.18-a0-1773-gec4f98e
  5533 | D:6      | Noticed Blork the orc
  5544 | D:6      | Killed Blork the orc
  5675 | D:6      | Reached *** piety under Trog
  5821 | D:6      | Reached skill level 11 in Axes
  6016 | D:6      | Reached skill level 5 in Fighting
  6309 | D:6      | Found a burning altar of Makhleb.
  6364 | D:6      | Reached XP level 9. HP: 74/74 MP: 8/8
  6579 | D:6      | Found a staircase to the Ecumenical Temple.
  6588 | Temple   | Entered the Ecumenical Temple
  7018 | D:7      | Gained mutation: You are clumsy. (Dex -2) [mutagenic meat]
  7019 | D:7      | Gained mutation: Your mind is acute. (Int +2) [mutagenic meat]
  7020 | D:7      | Lost mutation: Your mind is acute. (Int +2) [mutagenic meat]
  7256 | D:7      | Reached skill level 1 in Evocations
  7740 | D:7      | Found an oddly glowing altar of Pakellas.
  7740 | D:7      | Found a shimmering altar of Xom.
  7741 | D:7      | Found a glowing golden altar of the Shining One.
  8395 | D:8      | Reached **** piety under Trog
  8395 | D:8      | Reached skill level 12 in Axes
  8421 | D:8      | Reached skill level 5 in Dodging
  8820 | D:8      | Gained mutation: Your body sometimes deteriorates upon taking damage. [mutagenic meat]
  8821 | D:8      | Upgraded the game from 0.18-a0-1773-gec4f98e to 0.18-a0-1799-g6250cb2
  9008 | D:8      | Reached XP level 10. HP: 62/84 MP: 11/11
  9771 | D:9      | Found Zin's Purification Station.
  9771 | D:9      | Found a glowing silver altar of Zin.
  9928 | D:9      | Found a staircase to the Lair.
 10327 | D:9      | Noticed a seven-headed hydra
 10710 | Lair:1   | Entered Level 1 of the Lair of Beasts
 10736 | Lair:1   | Noticed a spiny frog
 10746 | Lair:1   | Killed a spiny frog
 10857 | Lair:1   | Noticed a spiny frog
 10871 | Lair:1   | Killed a spiny frog
 11480 | Lair:1   | Reached skill level 10 in Armour
 11656 | Lair:1   | Lost mutation: You are clumsy. (Dex -2) [potion of cure mutation]
 11657 | Lair:1   | Gained mutation: Your spells are a little harder to cast, but a little more powerful. [potion of beneficial mutation]
 11932 | Lair:2   | Noticed a spiny frog
 11949 | Lair:2   | Killed a spiny frog
 12216 | Lair:2   | Reached skill level 13 in Axes
 12626 | Lair:2   | Noticed a spiny frog
 12634 | Lair:2   | Killed a spiny frog
 12874 | Lair:2   | Killed from afar by an electric eel

Vault maps used:
D:1:      tarquinn_simple_flora_water_f, hangedman_glass_teeth
D:4:      first_bread, uniq_grinder, uniq_crazy_yiuf_cottage, uniq_duvessa
D:5:      nemelex_xobeh_ov_fountains_minmay, uniq_menkaure
D:6:      overflow_temple_1_default, lemuel_temple_firewalk_marked,
          grunt_ministairs_3, uniq_blork_the_orc
D:7:      gammafunk_temple_overflow_forgotten, grunt_ogre_cave,
          kennysheep_generic_room_3
D:8:      st_stairs_12
D:9:      grunt_temple_overflow_forces_of_nature, zin_purify, lair_0_dummy
Temple:   circular_temple_12
Lair:2:   serial_bayou, serial_bayou_pond_e, serial_bayou_shore_a,
          serial_bayou_lake_a, serial_bayou_pond_c, lemuel_fruit_fields,
          lemuel_fruit_fields

Skill      XL: |  1  2  3  4  5  6  7  8  9 10 |
---------------+-------------------------------+-----
Axes           | 4 5 7 8 9 11 12 13 | 13.2
Armour         | 3 4 5 6 7 9 10 | 10.7
Fighting       | 5 6 7 |  7.6
Dodging        | 3 5 6 |  6.5
Evocations     | 2 3 |  3.8

Action                   |  1- 3 |  4- 6 |  7- 9 | 10-12 || total
-------------------------+-------+-------+-------+-------++-------
Melee: Hand axe          |    64 |    82 |   114 |       ||   260
       Hand axe          |       |       |   272 |   213 ||   485
       Headbutt          |       |       |    59 |    42 ||   101
Invok: Berserk           |       |     2 |     2 |       ||     4
       Trog's Hand       |       |     1 |     1 |       ||     2
       Burn Spellbooks   |       |       |     1 |       ||     1
       Berserk           |       |       |     2 |     2 ||     4
       Brothers in Arms  |       |       |       |     1 ||     1
  Use: Scroll            |       |     6 |     4 |       ||    10
       Scroll            |       |       |     4 |    10 ||    14
       Potion            |       |       |       |     4 ||     4
  Eat: Pizza             |     1 |       |     1 |       ||     2
       Chunk             |       |     4 |       |       ||     4
       Bread ration      |       |     1 |     2 |       ||     3
       Chunk             |       |       |    10 |     3 ||    13
       Meat ration       |       |       |     1 |       ||     1
       Beef jerky        |       |       |     1 |       ||     1
       Fruit             |       |       |       |     2 ||     2
       Pizza             |       |       |       |     2 ||     2
       Bread ration      |       |       |       |     1 ||     1
Armor: Scale mail        |       |       |    15 |       ||    15
       Chain mail        |       |       |    95 |    84 ||   179
Dodge: Dodged            |       |       |   106 |    85 ||   191
